 Dungeon Crawl Stone Soup version 0.31-a0-229-g1fc7ce93e2 (webtiles) character file.

Game seed: 2838253568085582437

94 qw the Shooter (level 4, -3/26 HPs)
             Began as a Gargoyle Hexslinger on July 6, 2023.
             Slain by Sigmund
             ... wielding a +0 scythe
              (7 damage)
             ... on level 3 of the Dungeon.
             The game lasted 00:00:42 (1734 turns).

qw the Shooter (Gargoyle Hexslinger)                Turns: 1734, Time: 00:00:42

Health: -3/26      AC:  9    Str: 11    XL:     4   Next: 63%
Magic:  5/5        EV: 12    Int: 20    God:
Gold:   63         SH:  0    Dex: 14    Spells: 4/5 levels left

rFire   . . .        Y - +2 sling
rCold   . . .        (no shield)
rNeg    + . .        c - +0 robe
rPois   inf          e - +3 helmet of Sin {Int+6}
rElec   +            (no cloak)
rCorr   .            (no gloves)
SInv    .            (no boots)
Will    .....        (no amulet)
Stlth   +            (no ring)
HPRegen 0.24/turn    (no ring)
MPRegen 0.09/turn

%: no passive effects
@: no status effects
A: sickness immunity, AC +3, negative energy resistance 1, electricity
resistance, torment resistance 1, petrification resistance
a: no special abilities


You were on level 3 of the Dungeon.
You visited 1 branch of the dungeon, and saw 3 of its levels.

You collected 63 gold pieces.


Innate Abilities, Weirdness & Mutations

You are immune to sickness and miasma.
Your stone body is resilient. (AC +3)
You are immune to poison.
You resist negative energy. (rN+)
You are resistant to electric shocks. (rElec)
You are resistant to unholy torment.
You are immune to petrification.


   Skills:
 - Level 2.0 Fighting
 + Level 4.4 Ranged Weapons
 - Level 1.5 Dodging
 - Level 1.0 Spellcasting
 - Level 2.6 Hexes


You had 4 spell levels left.
You knew the following spells:

 Your Spells              Type           Power      Damage    Failure   Level
a - Slow                  Hex            44%        N/A       6%          1

Your spell library contained the following spells:

 Spells                   Type           Power      Damage    Failure   Level
 Inner Flame              Hex/Fire       6%         N/A       30%         3
 Portal Projectile        Hex/Tloc       12%        N/A       30%         3
 Cause Fear               Hex            5%         N/A       50%         4

Inventory:

Hand Weapons
 Y - a +2 sling (weapon)
Armour
 c - a +0 robe (worn)
 e - the +3 helmet of Sin (worn) {Int+6}
   (You found it on level 3 of the Dungeon)

   Int:       It affects your intelligence (+6).
 g - a +0 leather armour
Scrolls
 a - 2 scrolls of identify
 h - a scroll of blinking {unknown}
Potions
 b - a potion of cancellation
 d - a potion of mutation {unknown}
 f - a potion of degeneration {unknown}
 i - a potion of might {unknown}
 j - 4 potions of curing

Dungeon Overview and Level Annotations

Branches:
Dungeon (3/15)

Altars:

Annotations:
D:3 Sigmund


Message History

You shoot a sling bullet.
The sling bullet hits Sigmund but does no damage.
Sigmund is lightly wounded.
Sigmund points at you and mumbles some strange words.
The magic dart hits you.
You shoot a sling bullet.
The sling bullet hits Sigmund but does no damage.
Sigmund is lightly wounded.
Sigmund hits you from afar with a +0 scythe!
Enter note:
Enter note:
Enter note:
Enter note:
1725 ||| UPGRADING to +3 helmet of Sin {Int+6}.
You start putting on your armour.
You continue putting on the +3 helmet of Sin {Int+6}.
Sigmund closely misses you.
You continue putting on the +3 helmet of Sin {Int+6}.
Sigmund screams, "I am the angel of ZOT!!!"
Sigmund gestures at you while chanting.
Keep equipping yourself?
The magic dart hits you.
You continue putting on the +3 helmet of Sin {Int+6}.
Sigmund barely misses you.
You continue putting on the +3 helmet of Sin {Int+6}.
You finish putting on the +3 helmet of Sin {Int+6}.
You feel clever.
1730 ||| UPGRADING to +0 leather armour.
Sigmund misses you.
You start removing your armour.
You continue taking off your +0 robe.
Sigmund mumbles some strange words.
Sigmund flickers and vanishes!
Deactivating autopickup; reactivate with Ctrl-A.
You continue taking off your +0 robe.
Something hits you!
You stop removing your armour.
Autopickup is now on.
1733 ||| UPGRADING to +0 leather armour.
You start removing your armour.
You continue taking off your +0 robe.
Something hits you!
You stop removing your armour.
You die...

#...........#.# #..###..
#...........#.####...#...
#...........#............
#....[......#########.#..
#...........# #####....
#...........# ...).....
#.....).....# ########.
........###.###. #.
........@.{..... #.
...%....#####... #.
........# ##. #.
........# #. .....)..# #.
........# #. ........# ##
.......


There were no monsters in sight!

Vanquished Creatures
  2 adders (D:2)
  5 dart slugs
  An orc (D:3)
  3 bats
  10 endoplasms
  2 giant cockroaches
  10 goblins
  3 hobgoblins (D:2)
  2 jackals (D:2)
  2 quokkas (D:1)
  7 ball pythons
  4 frilled lizards
  7 kobolds
  4 rats
62 creatures vanquished.

Notes
Turn   | Place    | Note
-------+----------+-------------------------------------------
     0 | D:1      | qw the Gargoyle Hexslinger began the quest for the Orb.
     0 | D:1      | Reached XP level 1. HP: 12/12 MP: 2/2
     0 | D:1      | 0 ||| qw: Version: 0.3-a-46-gb1f654a
     0 | D:1      | 0 ||| qw: Game counter: 1462
     0 | D:1      | 0 ||| qw: Melee chars always use a shield: true
     0 | D:1      | 0 ||| qw: God list: Okawaru
     0 | D:1      | 0 ||| qw: Allow faded altars: false
     0 | D:1      | 0 ||| qw: Do Orc after clearing Dungeon:15 true
     0 | D:1      | 0 ||| qw: Do second Lair branch before Depths: true
     0 | D:1      | 0 ||| qw: Lair rune preference: random
     0 | D:1      | 0 ||| qw: Goals: Normal
     0 | D:1      | 0 ||| PLANNING D:1-11
   179 | D:1      | Reached XP level 2. HP: 16/16 MP: 3/3
   314 | D:1      | Reached skill level 3 in Ranged Weapons
   443 | D:1      | Reached XP level 3. HP: 20/21 MP: 4/4
   734 | D:1      | 734 ||| READING 2 scrolls labelled NUELAR TAYCEV.
   735 | D:1      | 735 ||| DROPPING scroll of poison.
   869 | D:2      | Found a faded altar of an unknown god.
   984 | D:2      | Reached XP level 4. HP: 26/26 MP: 5/5
  1057 | D:2      | Reached skill level 4 in Ranged Weapons
  1298 | D:2      | 1298 ||| DROPPING ring of wizardry.
  1299 | D:2      | 1299 ||| READING 3 scrolls labelled KYHUB SICOQALIK.
  1318 | D:2      | 1318 ||| READING scroll labelled FUR FUFAIGAMEENU.
  1319 | D:2      | 1319 ||| DRINKING 2 bubbling emerald potions.
  1320 | D:2      | 1320 ||| READING 2 scrolls of identify.
  1320 | D:2      | 1320 ||| IDENTIFYING dark potion
  1321 | D:2      | 1321 ||| DROPPING 2 scrolls of torment.
  1430 | D:3      | Identified the +3 helmet of Sin {Int+6}
  1716 | D:3      | Noticed Sigmund
  1725 | D:3      | 1725 ||| UPGRADING to +3 helmet of Sin {Int+6}.
  1730 | D:3      | 1730 ||| UPGRADING to +0 leather armour.
  1732 | D:3      | HP: 3/26 [something (8)]
  1733 | D:3      | 1733 ||| UPGRADING to +0 leather armour.
  1734 | D:3      | Slain by Sigmund

Levels and vault maps discovered:
D:1:      dpeg_arrival_central, layout_basic, st_stairs_12
D:2:      minmay_inner_zag, layout_basic,
          hellmonk_ecumenical_altar_inner_sanctum
D:3:      layout_basic, grunt_temple_overflow_champion_of_chaos,
          mainiacjoe_overflow_divided_tiny, nicolae_figureground_pulse,
          uniq_sigmund

Skill      XL: |  1  2  3  4 |
---------------+-------------+-----
Ranged Weapons | 3 4 |  4.4
Fighting       | 2 |  2.0
Dodging        | |  1.5
Spellcasting   | |  1.0
Hexes          | |  2.6

Action                     |  1- 3 |  4- 6 || total
---------------------------+-------+-------++-------
   Fire: Sling             |    82 |    80 ||   162
    Use: Scroll            |     1 |     3 ||     4
         Potion            |       |     1 ||     1
 Armour: Robe              |     5 |     6 ||    11
  Dodge: Dodged            |    17 |    16 ||    33

Table legend:
 A = Non-vault XP
 B = Vault XP
 C = Vault XP percentage of total XP
 D = Non-vault monster count
 E = Vault monster count
 F = Vault count percentage of total count
                 A         B        C        D         E       F
            +---------+---------+-------+---------+---------+-------
      Total |     113 |      22 |  16.3 |      56 |       6 |   9.7
            +---------+---------+-------+---------+---------+-------
        D:1 |      51 |       2 |   3.8 |      26 |       1 |   3.7
        D:2 |      32 |      20 |  38.5 |      14 |       5 |  26.3
        D:3 |      30 |       0 |   0.0 |      16 |       0 |   0.0
            +---------+---------+-------+---------+---------+-------
